 Dungeon Crawl Stone Soup version 0.30.0-29-ga12c61a403 (webtiles) character file.

Game seed: 18013502400351308425

114 qw the Chopper (level 4, -3/28 HPs)
             Began as a Gargoyle Fighter on June 2, 2023.
             Killed by divine providence
             ... invoked by an orc priest
              (15 damage)
             ... on level 3 of the Dungeon.
             The game lasted 00:00:53 (2317 turns).

qw the Chopper (Gargoyle Fighter)                   Turns: 2317, Time: 00:00:53

Health: -3/28      AC: 10    Str: 21    XL:     4   Next: 98%
Magic:  4/4        EV:  9    Int:  9    God:
Gold:   119        SH:  4    Dex:  9    Spells: 3/3 levels left

rFire   . . .        Y - +0 war axe
rCold   . . .        c - +0 buckler
rNeg    + . .        b - +0 scale mail
rPois   inf          (no helmet)
rElec   +            (no cloak)
rCorr   +            (no gloves)
SInv    .            (no boots)
Will    .....        (no amulet) Stlth
                     f - ring of resist corrosion
HPRegen 0.24/turn    (no ring)
MPRegen 0.09/turn

%: no passive effects
@: no status effects
A: sickness immunity, AC +3, negative energy resistance 1, electricity
resistance, torment resistance 1, petrification resistance
a: no special abilities


You were on level 3 of the Dungeon.
You visited 1 branch of the dungeon, and saw 3 of its levels.

You collected 119 gold pieces.


Innate Abilities, Weirdness & Mutations

You are immune to sickness and miasma.
Your stone body is resilient. (AC +3)
You are immune to poison.
You resist negative energy. (rN+)
You are resistant to electric shocks. (rElec)
You are resistant to unholy torment.
You are immune to petrification.


   Skills:
 - Level 3.2 Fighting
 + Level 4.3 Axes
 - Level 1.0 Throwing
 - Level 3.2 Armour
 - Level 3.2 Shields


You had 3 spell levels left.
You didn't know any spells.
Your spell library was empty.

Inventory:

Hand Weapons
 m - a +1 vampiric whip
 Y - a +0 war axe (weapon)
Missiles
 g - a javelin (quivered)
Armour
 b - a +0 scale mail (worn)
 c - a +0 buckler (worn)
Jewellery
 f - a ring of resist corrosion (left hand)
Scrolls
 j - 2 scrolls of teleportation
 k - a scroll of identify
Potions
 d - 4 potions of might
 e - a potion of lignification {unknown}
 i - a potion of curing {unknown}

Dungeon Overview and Level Annotations

Branches:
Dungeon (3/15)

Altars:

Shops:
D:1 [[


Message History

Pain shoots through your body! You block the orc's attack.
Something hits you but does no damage.
You hit the orc but do no damage.
The orc is almost dead.
You closely miss something. You closely miss the orc priest.
The orc hits you but does no damage.
The orc priest looks encouraged for a moment.
Something hits you but does no damage.
You slash the orc!
You kill the orc!
You hit the orc priest. You barely miss something.
You hear some strange, mumbled words.
Something tries to affect you, but you resist.
The orc priest mumbles some strange prayers to Beogh against you.
Pain shoots through your body!
You barely miss the orc priest.
The orc priest is lightly wounded.
You hit something. Something hits you but does no damage.
You block the orc priest's attack.
You barely miss the orc priest.
The orc priest is lightly wounded.
You closely miss something. Something hits you but does no damage.
The orc priest closely misses you.
The orc priest calls down the wrath of Beogh upon you.
Pain shoots through your body!
You hear some strange, mumbled words.
A puff of flame appears from out of thin air!
The puff of flame hits you.
You slash the orc priest!
The orc priest is severely wounded.
You barely miss something. You block something's attack.
You block the orc priest's attack.
You closely miss the orc priest.
The orc priest is severely wounded.
You hit something but do no damage. Something hits you but does no damage.
The orc priest calls down the wrath of Beogh upon you.
Beogh smites you!
Ouch! That really hurt!
You die...

#.###.# #.# #.# .# #.#
#.# .# ..# #.######## .#
..# #........#####.#
.####............#.#
...............#.#.#
.#####.......#.#{#.######
.....+.......'..@o....(..
.#####.......#.#)#(######
.## #######.#.#.#.# .<##
#######.#.#.#.# #..#
#....##.#.#.#.o
##.###....##.#.#.###
##...#....##.#.#.#
...#......##.#.#..
##..#.....##.#


You could see an orc priest.

Vanquished Creatures
  An orc wizard (D:2)
  A gnoll (D:1)
  An adder (D:2)
  A worm (D:2)
  A dart slug (D:1)
  10 orcs
  8 ball pythons
  4 bats
  4 endoplasms
  2 giant cockroaches (D:1)
  5 goblins
  5 hobgoblins
  3 kobolds (D:1)
  2 quokkas
  A frilled lizard (D:2)
  2 rats
51 creatures vanquished.

Notes
Turn   | Place    | Note
-------+----------+-------------------------------------------
     0 | D:1      | qw the Gargoyle Fighter began the quest for the Orb.
     0 | D:1      | Reached XP level 1. HP: 14/14 MP: 1/1
     0 | D:1      | 0 ||| qw: Version: 0.2-a-102-gdf20003
     0 | D:1      | 0 ||| qw: Game counter: 927
     0 | D:1      | 0 ||| qw: Always use a shield: true
     0 | D:1      | 0 ||| qw: God list: Okawaru
     0 | D:1      | 0 ||| qw: Allow faded altars: false
     0 | D:1      | 0 ||| qw: Do Orc after D:15 true
     0 | D:1      | 0 ||| qw: Do second Lair branch before Depths: true
     0 | D:1      | 0 ||| qw: Lair rune preference: random
     0 | D:1      | 0 ||| qw: Plans: Normal, Zot:1-4, Slime:5, God:TSO, Crypt,
                  | Tomb, Pan, Hells, Abyss, Win
     0 | D:1      | 0 ||| PLANNING D:1-11
    38 | D:1      | Reached skill level 2 in Axes
    63 | D:1      | Reached XP level 2. HP: 19/19 MP: 2/2
   215 | D:1      | Reached skill level 3 in Axes
   493 | D:1      | Found Lores's Armour Shop.
   501 | D:1      | 501 ||| SHOPLISTING +0 chain mail (63 gold, have 41).
   501 | D:1      | 501 ||| SHOPLISTING +0 helmet (63 gold, have 41).
   501 | D:1      | 501 ||| SHOPLISTING +0 pair of gloves (63 gold, have 41).
   501 | D:1      | 501 ||| SHOPLISTING +0 plate armour (322 gold, have 41).
   501 | D:1      | 501 ||| SHOPLISTING +2 shadow dragon scales (1288 gold,
                  | have 41).
   501 | D:1      | 501 ||| SHOPLISTING +7 chain mail of ponderousness (231
                  | gold, have 41).
   516 | D:1      | 516 ||| Stepping ~*~*~tactically~*~*~ (hiding).
   518 | D:1      | 518 ||| Stepping ~*~*~tactically~*~*~ (hiding).
   524 | D:1      | Reached XP level 3. HP: 23/23 MP: 3/3
   626 | D:1      | 626 ||| DROPPING +0 club.
   627 | D:1      | Found Limayf's Antique Armour Shoppe.
   637 | D:1      | 637 ||| SHOPLISTING helmet (112 gold, have 41).
   781 | D:1      | Reached skill level 1 in Throwing
  1121 | D:1      | 1121 ||| UPGRADING to ring of resist corrosion.
  1122 | D:1      | 1122 ||| READING scroll labelled BONKEH OPNI.
  1123 | D:1      | 1123 ||| READING scroll labelled ERO FOCONOTIS MERE.
  1124 | D:1      | 1124 ||| READING 2 scrolls labelled SAERIWAC ORAN.
  1128 | D:1      | 1128 ||| READING scroll labelled VOARAHONAWK.
  1604 | D:2      | 1604 ||| DROPPING +0 whip.
  1846 | D:2      | Reached XP level 4. HP: 21/28 MP: 4/4
  1962 | D:2      | 1962 ||| READING scroll labelled WOMNEDIEPPA.
  1963 | D:2      | 1963 ||| READING scroll labelled WYATRUNKAY.
  2064 | D:2      | 2064 ||| READING scroll labelled YNGAXY JAWUETI.
  2085 | D:3      | 2085 ||| STAIRDANCE
  2177 | D:3      | 2177 ||| Stepping ~*~*~tactically~*~*~ (hiding).
  2191 | D:3      | 2191 ||| FLEEEEING.
  2197 | D:3      | 2197 ||| FLEEEEING.
  2198 | D:3      | 2198 ||| FLEEEEING.
  2206 | D:3      | 2206 ||| STAIRDANCE
  2227 | D:2      | Reached skill level 4 in Axes
  2299 | D:3      | 2299 ||| Stepping ~*~*~tactically~*~*~ (stealth).
  2303 | D:3      | 2303 ||| Stepping ~*~*~tactically~*~*~ (hiding).
  2304 | D:3      | 2304 ||| FLEEEEING.
  2317 | D:3      | Killed from afar by an orc priest

Levels and vault maps discovered:
D:1:      amcnicky_arrival_wind_blow, layout_loops_corners, serial_shops,
          nicolae_shop_just_a_little_nook, nicolae_shop_statue_plus,
          patterned_corridor
D:2:      layout_basic
D:3:      cheibrodos_greedy_goblins, layout_basic,
          nicolae_tso_swordbearing_angel, uniq_crazy_yiuf_cottage

Skill      XL: |  1  2  3  4 |
---------------+-------------+-----
Axes           | 2 3 4 |  4.3
Throwing       | 1 |  1.0
Fighting       | |  3.2
Armour         | |  3.2
Shields        | |  3.2

Action                     |  1- 3 |  4- 6 || total
---------------------------+-------+-------++-------
  Melee: War axe           |    77 |    57 ||   134
  Throw: Javelin           |    24 |     5 ||    29
    Use: Scroll            |     4 |     3 ||     7
 Armour: Scale mail        |    38 |    40 ||    78
  Dodge: Dodged            |    28 |    18 ||    46
  Block: Buckler           |    12 |    19 ||    31

Table legend:
 A = Non-vault XP
 B = Vault XP
 C = Vault XP percentage of total XP
 D = Non-vault monster count
 E = Vault monster count
 F = Vault count percentage of total count
                 A         B        C        D         E       F
            +---------+---------+-------+---------+---------+-------
      Total |     164 |       0 |   0.0 |      51 |       0 |   0.0
            +---------+---------+-------+---------+---------+-------
        D:1 |      59 |       0 |   0.0 |      25 |       0 |   0.0
        D:2 |      71 |       0 |   0.0 |      13 |       0 |   0.0
        D:3 |      34 |       0 |   0.0 |      13 |       0 |   0.0
            +---------+---------+-------+---------+---------+-------
